 Dungeon Crawl Stone Soup version 0.29.1-2-gbd0b4ee654 (webtiles) character file.

Game seed: 15448462577083880685

1182 Groucho the Covert (level 8, 0/29 (36) HPs)
             Began as a Spriggan Enchanter on Nov 21, 2022.
             Was an Initiate of Gozag.
             Slain by a necrophage (6 damage)
             ... on level 5 of the Dungeon.
             The game lasted 00:17:15 (11333 turns).

Groucho the Covert (Spriggan Enchanter)            Turns: 11333, Time: 00:17:15

HP:   0/29 (36)     AC:  2    Str:  6    XL:     8   Next: 19%
MP:   12/14         EV: 17    Int: 17    God:    Gozag
Gold: 304           SH:  0    Dex: 15    Spells: 5/14 levels left

rFire   . . .      SeeInvis +   a - +1 dagger
rCold   . . .      Faith    .   (no shield)
rNeg    . . .      Spirit   .   b - +0 robe
rPois   .          Reflect  .   (helmet restricted)
rElec   .          Harm     .   n - scarf {+Inv}
rCorr   .          Rampage  .   (gloves unavailable)
Will    +....                   (boots unavailable)
Stlth   ++++......              (no amulet)
HPRegen 0.09/turn               (no ring)
MPRegen 0.14/turn               (no ring)

@: heavily drained, very quick
A: very small, no large weapons, unfitting armour, see invisible, speed 3
a: Renounce Religion, Evoke Invisibility, Potion Petition, Call Merchant, Bribe
Branch


You were on level 5 of the Dungeon.
You worshipped Gozag.
Gozag was aware of your devotion.
You visited 2 branches of the dungeon, and saw 7 of its levels.

You collected 436 gold pieces.
You paid 132 gold pieces to Gozag.

Inventory:

Hand Weapons
 a - a +1 dagger (weapon)
 s - a +0 rapier of flaming
Missiles
 f - 62 stones
 i - 21 poisoned darts (quivered)
Armour
 b - a +0 robe (worn)
 m - a +1 cloak
 n - a scarf of invisibility (worn)
Wands
 p - a wand of paralysis (18)
Scrolls
 d - 2 scrolls of enchant weapon {unknown}
 e - a scroll of noise {unknown}
 g - a scroll of brand weapon {unknown}
 h - a scroll of fog {unknown}
 o - 4 scrolls of identify {unknown}
 t - a scroll of magic mapping {unknown}
 u - a scroll of enchant armour {unknown}
Potions
 c - 2 potions of invisibility
 j - 3 potions of brilliance {unknown}
 k - a potion of attraction {unknown}
 l - a potion of lignification {unknown}
 q - a potion of resistance {unknown}
 r - a potion of magic {unknown}


   Skills:
 - Level 1.1 Short Blades
 - Level 2.6 Dodging
 + Level 10.2 Stealth
 - Level 3.7 Spellcasting
 - Level 4.4 Hexes
 * Level 9.2 Evocations


You had 5 spell levels left.
You knew the following spells:

 Your Spells              Type           Power      Damage    Failure   Level
a - Ensorcelled Hibernat  Hex/Ice        20%        N/A       10%         2
b - Confusing Touch       Hex            18%        N/A       8%          3
c - Dazzling Flash        Conj/Hex       20%        N/A       19%         3
d - Magic Dart            Conj           12%        1d3       16%         1

Your spell library contained the following spells:

 Spells                   Type           Power      Damage    Failure   Level
 Tukima's Dance           Hex            18%        N/A       8%          3
 Beastly Appendage        Tmut           6%         N/A       16%         1
 Portal Projectile        Hex/Tloc       20%        N/A       19%         3
 Searing Ray              Conj           6%         2d4       24%         2
 Sublimation of Blood     Necr           3%         N/A       24%         2
 Wereblood                Tmut           3%         N/A       24%         2
 Call Canine Familiar     Summ           3%         N/A       43%         3
 Spider Form              Tmut/Pois      3%         N/A       43%         3
 Fulminant Prism          Conj/Hex       5%         3d7       54%         4
 Leda's Liquefaction      Hex/Erth       5%         N/A       54%         4
 Iskenderun's Mystic Bla  Conj/Tloc      3%         2d3       85%         4
 Lee's Rapid Deconstruct  Erth           1%         3d5*      99%         5
 Summon Hydra             Summ           1%         N/A       100%        7


Dungeon Overview and Level Annotations

Branches:
Dungeon (6/15)             Temple (1/1) D:6

Altars:
Ashenzari
Cheibriados
Fedhas
Gozag
Kikubaaqudgha
Okawaru
Qazlal
Ru
Sif Muna
Trog
Uskayaw
Vehumet
Wu Jian
Yredelemnul
Zin
The Shining One

Shops:
D:1 !


Innate Abilities, Weirdness & Mutations

You are very small and have problems with some larger weapons.
You are too small for most types of armour.
You have supernaturally acute eyesight. (SInv)
You cover ground extremely quickly. (Speed+++)


Message History

A gnoll is nearby!
You start resting.
A necrophage is nearby!
A necrophage is nearby!
Casting: Ensorcelled Hibernation (safe; 10% risk of failure)
Confirm with . or Enter, or press ? or * to list all spells.
The spell is quite dangerous to miscast (8% risk of failure)!
Continue anyway?
Okay, then.
Unknown command.
Casting: Confusing Touch (quite dangerous; 8% risk of failure)
Confirm with . or Enter, or press ? or * to list all spells.
The spell is quite dangerous to miscast (8% risk of failure)!
Continue anyway?
Your hands begin to glow red.
You hit the necrophage but do no damage.
The necrophage misses you.
You completely miss the necrophage. The necrophage hits you!
You feel drained.
You are too injured to fight recklessly!
You are too injured to fight recklessly!
You are too injured to fight recklessly!
You are too injured to fight recklessly!
You are too injured to fight recklessly!
You hit the necrophage but do no damage.
The necrophage completely misses you.
You hit the necrophage but do no damage.
The necrophage hits you.
* * * LOW HITPOINT WARNING * * *
You hit the necrophage but do no damage.
The necrophage hits you.
* * * LOW HITPOINT WARNING * * *
You hit the necrophage but do no damage.
The necrophage barely misses you.
You hit the necrophage but do no damage.
The necrophage hits you but does no damage.
You closely miss the necrophage. The necrophage barely misses you.
You barely miss the necrophage. You barely miss the necrophage.
The necrophage misses you.
You hit the necrophage but do no damage.
The necrophage appears confused.
The necrophage hits you.
You die...
Your body crumbles into a pile of gold.

.# #.# ###.# # #. ...# #
#. #..# # #####.###..# #
#.......g..### #
#n###........# # . #@#
##.......# #
........###.......n#####
.....|....).........ng.s
........###..).....#####
......#.# #........# #
#....##.....)......# #
##..# #####.######## #
#.. #.# # #.# #


You could see a necrophage (confused).

Vanquished Creatures
  Grinder (D:3)
  Sigmund (D:3)
  Eustachio (D:4)
  A kobold brigand (D:6)
  2 bullfrogs
  A scorpion (D:6)
  A hound (D:6)
  A gnoll bouda (D:5)
  2 orc priests (D:6)
  2 orc wizards (D:6)
  Ijyb (D:3)
  Robin (D:4)
  3 gnolls
  8 adders
  A white imp (D:4)
  An ufetubus (D:4)
  A dart slug (D:2)
  2 orcs (D:4)
  8 bats
  5 endoplasms
  15 goblins
  9 hobgoblins
  6 jackals
  8 quokkas
  6 ball pythons
  4 frilled lizards
  14 kobolds
  4 rats
110 creatures vanquished.

Notes
Turn   | Place    | Note
-------+----------+-------------------------------------------
     0 | D:1      | Groucho the Spriggan Enchanter began the quest for the Orb.
     0 | D:1      | Reached XP level 1. HP: 9/9 MP: 5/5
   135 | D:1      | Reached XP level 2. HP: 13/13 MP: 6/6
   137 | D:1      | Reached skill level 5 in Stealth
   605 | D:1      | Found Zemek's Distillery.
  1248 | D:1      | Found a faded altar of an unknown god.
  1589 | D:1      | Reached XP level 3. HP: 16/16 MP: 8/8
  1615 | D:1      | Learned a level 2 spell: Ensorcelled Hibernation
  1619 | D:1      | Learned a level 3 spell: Confusing Touch
  1623 | D:1      | Learned a level 3 spell: Dazzling Flash
  2852 | D:1      | Reached skill level 6 in Stealth
  3675 | D:2      | Reached XP level 4. HP: 17/21 MP: 7/10
  4182 | D:2      | You fall into a shaft and drop 2 floors!
  4835 | D:3      | Noticed Sigmund
  5483 | D:3      | Learned a level 1 spell: Magic Dart
  5519 | D:3      | Found a broken altar of Ashenzari.
  5625 | D:3      | Reached skill level 1 in Evocations
  5675 | D:3      | Noticed Ijyb
  5682 | D:3      | Killed Ijyb
  5683 | D:3      | Reached skill level 7 in Stealth
  5683 | D:3      | Reached XP level 5. HP: 24/24 MP: 11/11
  5698 | D:3      | Killed Sigmund
  5699 | D:3      | Reached XP level 6. HP: 28/28 MP: 9/12
  6285 | D:3      | Noticed Grinder
  6306 | D:3      | Killed Grinder
  6307 | D:3      | Reached skill level 8 in Stealth
  6307 | D:3      | Reached XP level 7. HP: 20/32 MP: 10/13
  7869 | D:4      | Noticed Robin
  8323 | D:4      | Noticed Eustachio
  8330 | D:4      | Killed Eustachio
  8331 | D:4      | Reached skill level 9 in Stealth
  8394 | D:5      | Entered Level 5 of the Dungeon
  8505 | D:4      | Killed Robin
  9809 | D:6      | Found a staircase to the Ecumenical Temple.
  9826 | Temple   | Entered the Ecumenical Temple
 10070 | Temple   | Became a worshipper of Gozag Ym Sagoz the Greedy
 10231 | D:6      | Reached XP level 8. HP: 31/36 MP: 5/14
 10564 | D:6      | Found a basalt altar of Yredelemnul.
 10576 | D:6      | Reached skill level 10 in Stealth
 11004 | D:6      | Found a snail-covered altar of Cheibriados.
 11008 | D:6      | Found a stormy altar of Qazlal.
 11333 | D:5      | Slain by a necrophage

Illustrated notes

Levels and vault maps discovered:
D:1:      scummos_arrival_forest, layout_basic, serial_shops,
          nicolae_square_shop, basic_ecumenical_altar, kennysheep_nondescript
D:2:      layout_rooms
D:3:      layout_basic, cheibrodos_ashenzari_chains, kennysheep_nub,
          chequers_serial_rivers_small_b, uniq_grinder, uniq_ijyb, uniq_sigmund
D:4:      layout_loops_corners, uniq_robin, uniq_eustachio
D:5:      layout_loops_corners, nemelex_spade_bored_becter, minivault_1,
          kennysheep_generic_room_3, uniq_crazy_yiuf_cottage
D:6:      layout_loops_cross, minitemple, elyvilon_altar_3,
          minmay_temple_entry_offerings
Temple:   minmay_temple_bridge_abc

Skill      XL: |  1  2  3  4  5  6  7  8 |
---------------+-------------------------+-----
Stealth        | 5 6 7 8 9 10 | 10.2
Spellcasting   | 3 |  3.7
Hexes          | 4 |  4.4
Evocations     | 2 4 6 8 9 |  9.2
Short Blades   | |  1.1
Dodging        | |  2.6

Action                   |  1- 3 |  4- 6 |  7- 9 || total
-------------------------+-------+-------+-------++-------
Melee: Dagger            |   119 |    54 |    94 ||   267
       Punch             |     1 |     1 |       ||     2
Throw: Dart              |       |     4 |     1 ||     5
 Cast: Ensorcelled Hiber |    24 |    23 |    45 ||    92
       Confusing Touch   |       |     2 |     3 ||     5
       Magic Dart        |       |     2 |       ||     2
 Abil: Evoke Invisibilit |       |       |     1 ||     1
Evoke: Wand              |       |       |     4 ||     4
  Use: Potion            |     1 |       |       ||     1
 Stab: Sleeping          |    22 |    20 |    28 ||    70
       Confused          |       |     4 |       ||     4
       Paralysed         |       |       |     4 ||     4
       Invisible         |       |       |     1 ||     1
Armor: Robe              |    10 |     7 |    12 ||    29
Dodge: Dodged            |   116 |    41 |    77 ||   234
